 Dungeon Crawl Stone Soup version 0.21.1-1-g345015f (webtiles) character file.

32 Vasilisck the Insei (level 3, 0/42 HPs)
             Began as a Gnoll Transmuter on Apr 5, 2018.
             Slain by a hobgoblin (7 damage)
             ... led by Robin
             ... on level 2 of the Dungeon.
             The game lasted 00:02:30 (799 turns).

Vasilisck the Insei (Gnoll Transmuter)               Turns: 799, Time: 00:02:31

Health: 0/42       AC:  2    Str: 18    XL:     3   Next: 27%
Magic:  8/9        EV: 14    Int: 15    God:
Gold:   56         SH:  0    Dex: 15    Spells: 9/12 levels left

rFire    . . .     SeeInvis .   i - +0 dagger (vamp)
rCold    . . .     Gourm    .   (no shield)
rNeg     . . .     Faith    .   b - +0 robe
rPois    .         Spirit   .   (no helmet)
rElec    .         Reflect  .   (no cloak)
rCorr    .         Harm     .   (no gloves)
MR       .....                  (no boots)
Stlth    ..........             f - amulet of rage
HPRegen  0.14/turn              (no ring)
MPRegen  0.11/turn              (no ring)

@: berserking (expiring), appendage (expiring), very quick
A: distributed training, fangs 1, horns 2, strong nose
a: End Transformation, Evoke Berserk Rage


You were on level 2 of the Dungeon.
You were very hungry.
You had grown temporary horns.
You visited 1 branch of the dungeon, and saw 2 of its levels.

You collected 56 gold pieces.

Inventory:

Hand Weapons
 i - a +0 vampiric dagger (weapon)
Missiles
 a - 17 arrows
Armour
 b - a +0 robe (worn)
Jewellery
 f - an amulet of rage (around neck)
Scrolls
 e - a scroll of remove curse {unknown}
Books
 c - a book of Changes

   Spells                             Type                      Level
   a - Beastly Appendage              Transmutation                1
   b - Sticks to Snakes               Transmutation                2
   c - Spider Form                    Transmutation/Poison         3
   d - Ice Form                       Ice/Transmutation            4
   e - Blade Hands                    Transmutation                5
Comestibles
 d - 3 rations


   Skills:
 + Level 2.5 Fighting
 + Level 0.6 Short Blades
 + Level 0.6 Long Blades
 + Level 0.6 Axes
 + Level 0.6 Maces & Flails
 + Level 0.6 Polearms
 + Level 0.6 Staves
 + Level 0.6 Slings
 + Level 0.6 Bows
 + Level 0.6 Crossbows
 + Level 0.6 Throwing
 + Level 0.6 Armour
 + Level 4.5 Dodging
 + Level 0.6 Stealth
 + Level 0.6 Shields
 + Level 6.5 Unarmed Combat
 + Level 5.0 Spellcasting
 + Level 0.4 Conjurations
 + Level 0.4 Hexes
 + Level 0.4 Charms
 + Level 0.4 Summonings
 + Level 0.4 Necromancy
 + Level 0.4 Translocations
 + Level 3.7 Transmutations
 + Level 0.4 Fire Magic
 + Level 0.4 Ice Magic
 + Level 0.4 Air Magic
 + Level 0.4 Earth Magic
 + Level 0.4 Poison Magic
 + Level 0.8 Invocations
 + Level 0.6 Evocations


You had 9 spell levels left.
You knew the following spells:

 Your Spells              Type           Power        Failure   Level  Hunger
a - Beastly Appendage     Tmut           ###...       3%          1    None
b - Sticks to Snakes      Tmut           ###.....     5%          2    ##.....


Dungeon Overview and Level Annotations

Branches:
Dungeon (2/15)

Altars:

Annotations:
D:2 Robin


Innate Abilities, Weirdness & Mutations

Your experience applies equally to all skills.
You have very sharp teeth.
Your uncanny sense of smell can sniff out nearby items.
You have a pair of horns on your head.


Message History

You kill the hobgoblin!
Robin barely misses you. The hobgoblin barely misses you.
You barely miss the goblin.
The goblin hits you with an uncursed club.
Robin hits you from afar with a spear. The hobgoblin hits you.
You hit the goblin.
You kill the goblin!
The goblin hits you with a dagger!
* * * LOW HITPOINT WARNING * * *
You puncture the goblin!
You kill the goblin!
Robin hits you from afar with a spear.
* * * LOW HITPOINT WARNING * * *
The hobgoblin hits you.
* * * LOW HITPOINT WARNING * * *
You hit the hobgoblin.
You feel better.
The hobgoblin is almost dead.
Robin says, "Bow before me, strongest of all the hobgoblins!"
Robin closely misses you. The hobgoblin hits you!
You die...

# . .# #<##
#g..##.
...#######g...)..
........)@gg.....
...#########.....
###


You could see Robin and 3 hobgoblins.

Vanquished Creatures
  2 dart slugs
  A leopard gecko (D:1)
  2 bats (D:1)
  A giant cockroach (D:1)
  7 goblins
  6 hobgoblins
  A frilled lizard (D:1)
  3 kobolds (D:1)
  A rat (D:1)
24 creatures vanquished.

Notes
Turn   | Place    | Note
-------+----------+-------------------------------------------
     0 | D:1      | Vasilisck the Gnoll Transmuter began the quest for the Orb.
     0 | D:1      | Reached XP level 1. HP: 17/17 MP: 6/6
   173 | D:1      | Reached XP level 2. HP: 19/23 MP: 5/7
   177 | D:1      | Learned a level 2 spell: Sticks to Snakes
   775 | D:2      | Noticed Robin
   785 | D:2      | Reached XP level 3. HP: 28/28 MP: 7/9
   788 | D:2      | Reached skill level 5 in Spellcasting
   799 | D:2      | Slain by a hobgoblin

Skill      XL: |  1  2  3 |
---------------+----------+-----
Spellcasting   | 5 |  5.0
Fighting       | |  2.5
Short Blades   | |  0.6
Long Blades    | |  0.6
Axes           | |  0.6
Maces & Flails | |  0.6
Polearms       | |  0.6
Staves         | |  0.6
Slings         | |  0.6
Bows           | |  0.6
Crossbows      | |  0.6
Throwing       | |  0.6
Armour         | |  0.6
Dodging        | |  4.5
Stealth        | |  0.6
Shields        | |  0.6
Unarmed Combat | |  6.5
Conjurations   | |  0.4
Hexes          | |  0.4
Charms         | |  0.4
Summonings     | |  0.4
Necromancy     | |  0.4
Translocations | |  0.4
Transmutations | |  3.7
Fire Magic     | |  0.4
Ice Magic      | |  0.4
Air Magic      | |  0.4
Earth Magic    | |  0.4
Poison Magic   | |  0.4
Invocations    | |  0.8
Evocations     | |  0.6

Action                   || total
-------------------------++-------
Melee: Unarmed           ||    29
       Bite              ||     3
       Punch             ||     2
       Dagger            ||    19
       Kick              ||     2
       Headbutt          ||     4
 Cast: Beastly Appendage ||    10
 Abil: Evoke Berserk Rag ||     1
  Use: Scroll            ||     3
 Stab: Sleeping          ||     1
  Eat: Ration            ||     1
Armor: Robe              ||     8
Dodge: Dodged            ||    33
